[Event "55th Biel Festival MTO 2022"]
[Site "Biel"]
[Date "2022.07.19"]
[Round "6.6"]
[White "Yu Yangyi"]
[Black "Iniyan P"]
[Result "0-1"]
[ECO "C65"]
[WhiteElo "2720"]
[BlackElo "2533"]
[Annotator "TA"]
[PlyCount "75"]
[EventDate "2022.07.13"]
[EventType "swiss"]
[EventCountry "SUI"]
[SourceTitle "playchess.com"]
[Source "ChessBase"]
[SourceQuality "1"]
[TimeControl "40/5400+30:1800+30"]

1. e4 e5 2. Nf3 Nc6 3. Bb5 Nf6 4. d3 Bc5 5. c3 d6 6. O-O O-O 7. Nbd2 a6 {[%emt 0:03:42] 7...Ne7 is the modern continuation. C65: Ruy Lopez: Berlin Defence (3...Nf6), unusual lines and 4 0-0 Bc5.} 8. Ba4 Ba7 9. h3 Nh5 {[%emt 0:26:21] [#] The position is equal.} 10. d4 $146 (10. Bxc6 {looks sharper.} bxc6 11. Nxe5 Nf4 12. Nxc6 Qg5 13. Qf3) ({Predecessor:} 10. Re1 f5 11. exf5 Bxf5 12. g4 Bxd3 13. gxh5 d5 14. Bxc6 bxc6 15. Rxe5 Qf6 16. Qe1 {0-1 (33) Onischuk,V (2620)-Kryvoruchko,Y (2685) Kharkov 2021}) 10... b5 11. Bc2 (11. Bb3 {with more complications.} Nf4 12. Nb1 Qf6 13. Bxf4 Qxf4 14. Bd5) 11... exd4 12. Nxd4 Bxd4 13. Qxh5 Be5 14. Qe2 {[%emt 0:00:30] Black must now prevent f4.} (14. f4 $5 g6 15. Qf3 $14) 14... b4 15. Qc4 bxc3 16. bxc3 (16. Qxc6 cxb2 17. Bxb2 Bd7 $17) 16... Bd7 17. a4 Qf6 18. Nf3 Qg6 (18... Bxc3 19. Bg5 Bxa1 20. Bxf6 Bxf6 21. Rd1 $14) 19. Kh1 Qh5 {[%emt 0:19:50][%cal Od7h3] Hoping for ...Bxh3!} 20. Ng1 g5 21. Bd1 Qg6 22. Bg4 Na5 23. Qxc7 Bxg4 24. Qxa5 Rfc8 25. Bd2 (25. hxg4 Bxc3 26. Qd5 Bxa1 27. Bxg5 Be5 $17) 25... Be6 {[%emt 0:04:36] A strong pair of Bishops.} (25... Qxe4 $2 26. hxg4 Qxg4 27. Nf3 $18) 26. Nf3 Rc5 27. Qb6 g4 $2 ({Resist} 27... Qxe4 28. Nxg5 Qf5 29. Nxe6 Qxe6 30. Rfd1 $16) (27... Bxh3 $1 $11 {and Black is okay.} 28. Rae1 (28. gxh3 $2 Qxe4 29. Rg1 Qxf3+ 30. Rg2 Qxh3+ 31. Kg1 h6 $19) (28. Bxg5 $2 Rxc3 29. Qb7 Re8 $19) (28. Qb7 Qh5 $11) 28... Bd7) 28. Nxe5 $18 Rxe5 {[%emt 0:00:10] [#]} 29. hxg4 (29. f3 $1 $18) 29... Rxe4 30. f3 Re2 31. Rf2 $2 {[%emt 0:01:37][%mdl 8192] [#] This costs White the game.} (31. Be3 $16 {stays on course.}) 31... Rxd2 $1 $19 32. Kg1 (32. Rxd2 Qh6+) 32... Rxf2 33. Qxf2 Qd3 34. Qe1 Rc8 35. Rc1 Rc5 36. Kh2 h5 37. gxh5 d5 {[%emt 0:00:00] aiming for ...d4.} 38. Kg3 {[%emt 0:00:07] Weighted Error Value: White=0.46/Black=0.23 (precise)} (38. Qe5 {might work better.}) 0-1

[Event "55th Biel Festival MTO 2022"]
[Site "Biel"]
[Date "2022.07.19"]
[Round "6.7"]
[White "Petrov Martin"]
[Black "Lagarde Maxime"]
[Result "1/2-1/2"]
[ECO "B85"]
[WhiteElo "2534"]
[BlackElo "2631"]
[Annotator "TA"]
[PlyCount "131"]
[EventDate "2022.07.13"]
[EventType "swiss"]
[EventCountry "SUI"]
[SourceTitle "playchess.com"]
[Source "ChessBase"]
[SourceQuality "1"]
[TimeControl "40/5400+30:1800+30"]

1. e4 c5 2. Nf3 e6 3. d4 cxd4 4. Nxd4 Nc6 5. Nc3 Qc7 6. Be2 a6 7. O-O Nf6 8. Be3 Be7 9. f4 d6 10. a4 O-O 11. Kh1 Bd7 12. Nb3 b6 13. Bf3 Bc8 $1 {[%emt 0:00:30][%mdl 4] is currently scoring better than 13...Rab8.} 14. a5 {[%emt 0:00:30] B85: Sicilian Scheveningen: 6 Be2 a6, lines with early Be3.} bxa5 15. e5 dxe5 16. fxe5 Nd7 (16... Rd8 $1 $11 17. Nd4 Nxd4 18. exf6 (18. Bxa8 Qxe5 19. Bf4 Qc5 $11) (18. Bxd4 Rb8 $15) 18... Nxf3 19. Qxf3 Bb7 20. fxe7 Bxf3 21. exd8=Q+ (21. exd8=R+ Rxd8 22. Rxf3 Rb8 $11) 21... Rxd8 22. Rxf3 Rb8) 17. Bxc6 $16 {[%emt 0:00:55][%mdl 64] Deflection} Qxc6 18. Nxa5 Qc7 19. Qf3 Rb8 20. Nc6 {[%emt 0:00:33] [#] White is much more active.} Nxe5 $146 ({Predecessor:} 20... Bc5 21. Nxb8 Qxb8 22. Bxc5 Nxc5 23. Qe3 Nd7 24. Rae1 Qxb2 25. Qd2 Qb8 26. Qg5 h6 {1-0 (45) Arzumanian,G (2437)-Muhtarov,L (2160) Alushta 2001}) 21. Nxe5 Rxb2 (21... Qxe5 $2 22. Bf4 Qf5 23. Bxb8 $18) 22. Bd4 Bb7 23. Qf2 {[%emt 0:08:12] Hoping for Nd3.} (23. Ne4 Rxc2 24. Rab1 (24. Nxf7 Bxe4 25. Nh6+ gxh6 $11) 24... f6 25. Rxb7 Qxb7 26. Nxf6+ Rxf6 $14) 23... Rb4 24. Rae1 (24. Nxf7 Bd6 25. Be5 (25. Na2 $2 Rb5 $19) 25... Rxf7 26. Qxf7+ Qxf7 27. Rxf7 (27. Bxd6 Bxg2+ 28. Kxg2 Rg4+ 29. Bg3 Qg6 $17) 27... Bxe5 $11) 24... f6 25. Nd3 e5 26. Nxb4 Bxb4 {[%emt 0:00:04] A strong pair of Bishops.} 27. Qg3 {[%emt 0:11:06] And now Rb1 would win.} Qc6 {[%emt 0:15:24] [#]} 28. Bxe5 fxe5 29. Rxf8+ Kxf8 ({Black should play} 29... Bxf8 30. Re2 (30. Rxe5 Bd6 $11) 30... Qf6) 30. Rf1+ (30. Qf2+ $142 $1 Qf6 31. Qxf6+ gxf6 32. Rb1) 30... Kg8 {[%emt 0:00:28] [#]} 31. Nd1 Qxc2 32. Qg4 {[%emt 0:01:49] Prevents Qe2.} (32. Ne3 $16 Qe2 33. Rg1) 32... h6 33. Ne3 {[%emt 0:02:18][%mdl 1024] White has compensation. Dancing on a razor blade.} Qe4 34. Qg3 (34. Qd7 Bc5 35. Qf5 Qxf5 36. Nxf5 Bf8 $11) 34... Bc8 {[%emt 0:00:42] Prevents Nf5.} 35. h3 ({Don't play} 35. Qf2 Be6 $15) 35... a5 36. Rd1 {[%emt 0:00:45] Threatens to win with Rd8+.} ({Reject} 36. Qf2 Bxh3 37. Nc2 Bd6 $17) 36... Be6 37. Ng4 Qf4 {[%emt 0:01:12] Against Nf6+} 38. Qd3 Bxg4 39. hxg4 Qxg4 $11 {[%emt 0:00:22][%mdl 4096] Endgame aiming for ...Qh5+. KQR-KQB} 40. Qd5+ Kh7 41. Rd3 {[%emt 0:03:32] Prevents Bc3.} Qh4+ 42. Rh3 Qe1+ 43. Kh2 Bd2 44. Qf3 Bf4+ 45. g3 Qd2+ 46. Kh1 Qc1+ 47. Kg2 {[%emt 0:00:14] Black must now prevent Qd3+.} Qb2+ 48. Qf2 Bc1 49. Rh4 $1 Qxf2+ 50. Kxf2 {[%emt 0:00:02] KR-KB} Kg6 51. Rc4 Bb2 52. Ke3 h5 53. Kd3 Bd4 {[%emt 0:08:53] ...Kf5 is the strong threat.} (53... Kf5 $5 54. Ke3 (54. Ra4 $2 Bd4 $17) 54... Bd4+ 55. Kf3 g5 $17) 54. Ra4 Kf5 55. Rxa5 Kg4 (55... Bf2 $5 56. g4+ Kxg4 57. Rxe5 Bg3 58. Re4+ Bf4 $17) 56. Ke4 $1 Kxg3 57. Kf5 $2 (57. Ra3+ $11 Kg4 58. Ra2) 57... h4 58. Ra6 {[%emt 0:03:46] [#]} Kf3 $1 ({And not} 58... h3 59. Rg6+ Kf3 60. Rxg7 $11) 59. Rg6 e4 60. Rg4 Bf2 $2 (60... g6+ {mates} 61. Rxg6 Bf2 62. Rf6 e3 63. Kg5+ Kg2 64. Re6 h3 65. Kf5 h2 66. Rg6+ Bg3 67. Re6 h1=Q 68. Kg6 Qd1 69. Rb6 e2 70. Rb2 Qd6+ 71. Kh7 Qe7+ 72. Kg6 Qe6+ 73. Kg7 Be5+ 74. Kf8 Qf6+ 75. Ke8 Bxb2 76. Kd7 e1=Q 77. Kc7 Qee7+ 78. Kc8 Qh8#) 61. Rf4+ {[%emt 0:00:07] The position is equal.} Kg2 {[%emt 0:00:06] ( -> ...e3)} 62. Rxe4 g5 (62... h3 $5 63. Rg4+ Kf3 64. Rxg7 h2 $11) 63. Rg4+ Bg3 64. Rxg5 h3 65. Rh5 h2 66. Rxh2+ {[%emt 0:00:02] Weighted Error Value: White=0.26 (precise) /Black=0.19 (very precise)} 1/2-1/2

[Event "55th Biel Festival MTO 2022"]
[Site "Biel"]
[Date "2022.07.19"]
[Round "6.8"]
[White "Sethuraman S.P."]
[Black "Gagare Shardul"]
[Result "1-0"]
[ECO "C95"]
[WhiteElo "2623"]
[BlackElo "2514"]
[Annotator "TA"]
[PlyCount "133"]
[EventDate "2022.07.13"]
[EventType "swiss"]
[EventCountry "SUI"]
[SourceTitle "playchess.com"]
[Source "ChessBase"]
[SourceQuality "1"]
[TimeControl "40/5400+30:1800+30"]

1. e4 e5 2. Nf3 Nc6 3. Bb5 a6 4. Ba4 Nf6 5. O-O Be7 6. Re1 b5 7. Bb3 d6 8. c3 O-O 9. h3 Nb8 10. d4 Nbd7 11. Nbd2 Bb7 12. Bc2 Re8 13. Nf1 Bf8 14. Ng3 g6 15. Bd2 Bg7 16. Qc1 {[%emt 0:00:06] C95: Closed Ruy Lopez: Breyer Variation with 10 d4.} d5 17. Bg5 {[%emt 0:00:06] With the idea dxe5.} Qc8 18. dxe5 {[%emt 0:00:07] The position is equal.} Nxe4 19. Bf4 Nxg3 20. Bxg3 c5 21. Qd2 {[%emt 0:00:06] [#]} (21. Qf4 {keeps more tension.} Nf8 22. Ng5 Qd7 23. Rad1) 21... a5 $146 ({Predecessor:} 21... Re7 22. Bb3 Qc6 23. Rad1 Nb6 24. Nh4 Rae8 25. f4 f6 26. Nf3 fxe5 27. Nxe5 Qd6 {½-½ (52) Giuliani,C (2282)-Bujdak,P (2203) LSS email 2020}) 22. h4 Re7 (22... Ra6 $11 {remains equal.}) 23. h5 (23. e6 $5 Rxe6 24. Rxe6 fxe6 25. h5 $11) 23... Qe8 (23... Qc6 $14) 24. Bh4 $16 Re6 25. Ng5 (25. hxg6 $6 hxg6 26. Ng5 Rea6 $14) 25... Rb6 26. Qe3 Raa6 (26... Bxe5 $2 27. f4 d4 28. Qh3) 27. hxg6 hxg6 28. f4 (28. Rad1 $142) 28... b4 (28... f6 $16) 29. Qh3 (29. Ba4 $1 $18) 29... Nf8 30. Bf2 bxc3 31. bxc3 (31. Qxc3 Ne6 $11) 31... Rb2 {[%emt 0:00:12] [#]} (31... Qe7 $142) 32. Re2 $1 {[%emt 0:03:30][%cal Oc2g6] Hoping for Bxg6! 0x0.00144c07ce4adp-1022s more active pieces.} Bc8 {[%emt 0:02:40] [#]} 33. Qf3 $36 {[%emt 0:00:48][%cal Oc2g6][%mdl 2048] aiming for Bxg6! White is really pushing.} Qb5 34. a4 Qc6 {[%emt 0:00:37][%mdl 8192] [#]} (34... Qb8 $16 35. Bxc5 (35. Qxd5 Ne6 $16) 35... Ne6) 35. Bxg6 $1 $18 Rb7 36. Bc2 Re7 37. Rb1 d4 38. cxd4 cxd4 39. Bxd4 Qxf3 40. Nxf3 Rc6 41. Be4 Rc4 42. f5 {[%emt 0:00:00] Threatens to win with f6.} Rd7 43. Bf2 Rdc7 (43... Rxa4 {was called for.} 44. e6 fxe6 45. fxe6 Nxe6) 44. Bb6 Rc1+ 45. Re1 Rxb1 46. Bxb1 ({Resist} 46. Bxc7 Rb4 47. Bxa5 Rxa4 $18) ({Not} 46. Rxb1 Rc4 $18) 46... Rc4 47. Bxa5 Rxa4 48. Bd2 Nd7 49. Bc2 Ra2 50. Bb3 Rxd2 51. Nxd2 Nxe5 52. Nc4 Nxc4 53. Re8+ ({But not} 53. Bxc4 Bxf5 54. Re7 Bg6 $18) 53... Kh7 54. Rxc8 {[%emt 0:01:51][%mdl 4096] Endgame KRB-KBN} Nd6 55. Rc7 Bd4+ 56. Kf1 {[%emt 0:02:27] And now g4 would win.} Kg7 (56... Kh6 $142 57. Rc6 Be5 58. Bxf7 Kg5) 57. g4 Kf6 (57... Ne4 $142 58. Rxf7+ Kh6) 58. Ke2 Be5 59. Kf3 Bh2 60. Ra7 Be5 61. Rc7 $2 (61. Rd7 $18 Bh2 62. Bd5) 61... Kg7 $2 (61... Bh2 $1 $11 {and Black has nothing to worry.} 62. Ra7 Be5) 62. Kg2 Kf6 63. Rd7 Kg5 64. Kf3 Kf6 65. Bd5 Kg7 $2 (65... Bh2 $18 66. Ba2 Be5) 66. g5 Nxf5 67. Ke4 {[%emt 0:00:05] Weighted Error Value: White=0.13 (very precise) /Black=0.37} 1-0

[Event "55th Biel Festival MTO 2022"]
[Site "Biel"]
[Date "2022.07.19"]
[Round "6.9"]
[White "Puranik Abhimanyu"]
[Black "Bharath Subramaniyam H"]
[Result "1/2-1/2"]
[ECO "B60"]
[WhiteElo "2612"]
[BlackElo "2479"]
[Annotator "TA"]
[PlyCount "127"]
[EventDate "2022.07.13"]
[EventType "swiss"]
[EventCountry "SUI"]
[SourceTitle "playchess.com"]
[Source "ChessBase"]
[SourceQuality "1"]
[TimeControl "40/5400+30:1800+30"]

1. e4 c5 2. Nf3 d6 3. d4 cxd4 4. Nxd4 Nf6 5. Nc3 Nc6 6. Bg5 g6 7. Bxf6 exf6 8. Bb5 {[%emt 0:01:00] B60: Sicilian: Richter-Rauzer: Unusual Black 6th moves and 6...Bd7 without 7 Qd2.} Bd7 9. Nde2 {[%emt 0:04:29] Pair of Knights!} Be6 10. O-O {[%emt 0:03:26] White is slightly better.} Bg7 11. Nf4 O-O {[%emt 0:00:15] [#]} 12. Re1 $146 ({Predecessor:} 12. Qd2 f5 13. Rad1 Nd4 14. exf5 Bxf5 15. Bd3 Qg5 16. Kh1 Bxd3 17. Nxd3 Qxd2 18. Rxd2 {0-1 (40) Carlsen,M (2847)-Dubov,D (2710) chess24.com INT 2021}) 12... Re8 13. Ncd5 Qa5 14. a4 a6 15. b4 Qd8 16. Bc4 Bxd5 (16... Bh6 $5 17. Bf1 Rc8 $11) 17. Nxd5 f5 18. Ra3 Rxe4 19. Rxe4 fxe4 20. Re3 Ne7 21. Rxe4 Nxd5 22. Qxd5 Qc7 23. a5 Be5 24. f4 Bf6 25. g4 Kf8 26. g5 Bb2 27. f5 {[%emt 0:02:03] [#] Hoping for fxg6.} Re8 28. f6 Be5 (28... Re5 $11 29. Rxe5 Bxe5) 29. Rh4 h5 30. Bd3 Qd7 31. Kg2 Rc8 32. Re4 Rc7 (32... Rc3 $1 $11) 33. h3 Kg8 {[%emt 0:00:27] [#]} 34. Rc4 (34. c4 $1 $16) 34... Rxc4 $11 35. Bxc4 {[%emt 0:00:06][%mdl 4096] Endgame KQB-KQB} Qc7 ({Better is} 35... Kf8 $1 $11) 36. Qe4 (36. Bb3 $14) 36... Kh8 37. Qd5 ({White should play} 37. h4 $11) 37... Kg8 $14 38. Qd3 {[%emt 0:00:15] Threatening mate with Qxg6+.} Kf8 39. Qe4 $1 Qc8 (39... d5 $14 40. Bxd5 (40. Qxd5 Bd6 $16) 40... Qc3) 40. Bd3 (40. h4 $16) 40... Qc7 41. h4 Qc3 42. Kf3 Qc8 43. Bf1 {[%emt 0:02:32] Active counter play!} Qg4+ (43... Kg8 $11 {remains equal.}) 44. Qxg4 $16 hxg4+ 45. Kxg4 {[%emt 0:00:04] KB-KB} Bc3 46. Bg2 Bxb4 47. Bxb7 Bxa5 48. Bxa6 d5 49. Bb7 d4 50. Bd5 Be1 51. h5 gxh5+ 52. Kxh5 Bd2 53. Kg4 Be3 54. Kf5 Bd2 55. Bb3 Ke8 56. Bxf7+ Kxf7 {[%emt 0:00:02] KB-K3P. The position is equal.} 57. g6+ Kf8 58. Ke5 Bc3 {[%emt 0:00:45] ...d3+ is the strong threat.} 59. Ke6 Bb4 60. f7 Kg7 61. Kd5 Kxg6 62. Kxd4 Kxf7 63. c3 Bxc3+ 64. Kxc3 {[%emt 0:00:02] Weighted Error Value: White=0.14 (very precise) /Black=0.17 (very precise)} 1/2-1/2

[Event "55th Biel Festival MTO 2022"]
[Site "Biel"]
[Date "2022.07.19"]
[Round "6.10"]
[White "Muradli Mahammad"]
[Black "Banusz Tamas"]
[Result "1-0"]
[ECO "D30"]
[WhiteElo "2523"]
[BlackElo "2611"]
[Annotator "TA"]
[PlyCount "81"]
[EventDate "2022.07.13"]
[EventType "swiss"]
[EventCountry "SUI"]
[SourceTitle "playchess.com"]
[Source "ChessBase"]
[SourceQuality "1"]
[TimeControl "40/5400+30:1800+30"]

1. d4 d5 2. c4 e6 3. Nf3 a6 4. Bg5 Be7 5. Bxe7 Qxe7 6. Nbd2 {[%emt 0:00:11] D30: Queen's Gambit Declined: Systems without Nc3.} Nf6 7. Qc2 O-O 8. g3 {[%emt 0:00:14] [#] The position is equal.} b6 $146 ({Predecessor:} 8... Nc6 9. Bg2 e5 10. dxe5 Nxe5 11. cxd5 Nxd5 12. O-O Rd8 13. Nxe5 Qxe5 14. Nc4 Qe7 {½-½ (23) Bernadskiy,V (2599)-Warmerdam,M (2535) Villorba 2021}) 9. Rc1 Bb7 (9... c6 $11) 10. cxd5 $16 exd5 (10... Rd8 $142) 11. Qxc7 Rc8 12. Qxc8+ (12. Qxe7 $2 Rxc1#) 12... Bxc8 13. Rxc8+ Ne8 14. Bg2 Kf8 15. O-O $1 {[%emt 0:19:52] Threatens to win with Ne5.} Qb7 16. Rfc1 Nd7 17. R8c2 {[%emt 0:00:07] White is much more active.} Rd8 18. Ne1 Ndf6 19. Nd3 Ne4 20. Nxe4 dxe4 21. e3 a5 ({Better is} 21... Nd6) 22. Ne5 Qd5 23. Rc6 f6 24. Nd3 Rd6 25. Rc8 {[%emt 0:00:53] Nf4 is the strong threat.} g5 {[%emt 0:05:42] Inhibits Nf4.} 26. b3 Ke7 {[%emt 0:02:10] [#]} 27. Nb2 $1 {[%emt 0:01:26] Black must now prevent Rb8.} h5 (27... Rd8 $16 {is a better defense.}) 28. Na4 Qb7 29. Bh3 Rd8 30. R8c6 Rd6 31. R6c2 g4 (31... Kf7 $142 32. Bf1 Qd7) 32. Bg2 $18 f5 {[%emt 0:00:28] [#]} 33. Nc3 $1 Rd7 34. Nb5 {[%emt 0:00:54] Prevents Rc7.} Qd5 35. Bf1 Nd6 $2 (35... h4 {was necessary.} 36. Rc6 (36. gxh4 f4 $16) 36... hxg3) 36. Nc7 Qg8 37. Rc6 h4 38. Rxb6 hxg3 39. hxg3 {[%emt 0:00:08] White is clearly winning.} a4 40. Rc5 axb3 41. axb3 {[%emt 0:30:09] Weighted Error Value: White=0.06 (flawless) /Black=0.24 (precise)} 1-0

[Event "55th Biel Festival MTO 2022"]
[Site "Biel"]
[Date "2022.07.19"]
[Round "6.11"]
[White "Seul, Georg"]
[Black "Erdos Viktor"]
[Result "1/2-1/2"]
[ECO "B51"]
[WhiteElo "2367"]
[BlackElo "2586"]
[Annotator "TA"]
[PlyCount "48"]
[EventDate "2022.07.13"]
[EventType "swiss"]
[EventCountry "SUI"]
[SourceTitle "playchess.com"]
[Source "ChessBase"]
[SourceQuality "1"]
[TimeControl "40/5400+30:1800+30"]

1. e4 c5 2. Nf3 d6 3. Bb5+ Nd7 4. d4 cxd4 5. Qxd4 a6 6. Bxd7+ Bxd7 7. c4 {[%emt 0:00:41] B51: Sicilian: Moscow Variation (3 Bb5+) without 3...Bd7.} Nf6 8. Nc3 e6 9. O-O {[%emt 0:02:09] The position is equal.} Bc6 10. Qd3 Be7 11. Nd4 Rc8 12. h3 O-O 13. Be3 Qa5 {[%emt 0:02:13] [#]} 14. a4 $146 ({Predecessor:} 14. Rac1 Qh5 15. f4 Nd7 16. b4 Rfd8 17. a3 Bf6 18. Nxc6 Rxc6 19. Ne2 Rdc8 20. Kh2 {1-0 (51) Mehar,C (2255)-Anu,B (2031) Moscow 2017}) 14... Rfd8 15. Bd2 Qh5 {[%emt 0:04:15] Prevents Nd5.} 16. Rfe1 Be8 17. b3 Nd7 18. Rab1 Bf6 19. Be3 Qa5 20. Qd2 Qc7 21. Bg5 h6 {[%emt 0:00:38] White is slightly better.} 22. Bxf6 Nxf6 23. Re3 Qc5 24. Rd1 Kf8 {[%emt 0:01:28] Weighted Error Value: White=0.05 (flawless) /Black=0.06 (flawless)} 1/2-1/2

[Event "55th Biel Festival MTO 2022"]
[Site "Biel"]
[Date "2022.07.19"]
[Round "6.12"]
[White "Mendonca Leon Luke"]
[Black "Raja Harshit"]
[Result "1-0"]
[ECO "E60"]
[WhiteElo "2567"]
[BlackElo "2477"]
[Annotator "TA"]
[PlyCount "63"]
[EventDate "2022.07.13"]
[EventType "swiss"]
[EventCountry "SUI"]
[SourceTitle "playchess.com"]
[Source "ChessBase"]
[SourceQuality "1"]
[TimeControl "40/5400+30:1800+30"]

1. d4 Nf6 2. c4 g6 3. Nf3 Bg7 4. e3 O-O 5. Be2 d5 6. cxd5 {[%emt 0:01:48] E60: King's Indian: Unusual lines and Fianchetto Variation without Nc3.} Nxd5 7. e4 Nb6 8. Be3 {[%emt 0:09:36] The position is equal.} Nc6 9. O-O Bg4 10. Nbd2 f5 11. exf5 gxf5 {[%emt 0:11:22] [#] ...f4 is the strong threat.} 12. Nb3 $146 ({Predecessor:} 12. g3 Qd5 13. Rc1 Rad8 14. Nb3 e5 15. Rc5 Qd7 16. Bg5 e4 17. Nh4 Bxd4 18. Bxg4 fxg4 19. Nxd4 Qxd4 20. Qxg4 {1-0 (24) Shaposhnikov,E (2549)-Bezzubenkov,S (2223) Cheliabinsk 2021}) 12... a5 (12... e5 $11 {keeps the balance.}) 13. Rc1 $16 Kh8 14. Re1 Nd5 15. Bd2 (15. Nc5 $16) 15... Qd6 $11 16. h3 Bh5 17. Nc5 Nxd4 {[%emt 0:03:49] White now steadily converts the win.} (17... b6 $14 18. Nb7 Qf6) 18. Nxb7 Qb6 {[%emt 0:10:50] [#]} ({Black should try} 18... Nxe2+ 19. Qxe2 Qb6) 19. Nc5 ({White should play} 19. Nxd4 $1 $16 Bxe2 20. Nxe2 Qxb7 21. Nf4) 19... Nxe2+ (19... Bxf3 $14 20. Bxf3 Rad8) 20. Qxe2 $16 e5 (20... Qxb2 $16 {was worth a try.} 21. Ne6 Rfe8) 21. Nd7 $18 {[%emt 0:01:18] Pair of Knights!} Qd6 {[%emt 0:00:23] Hoping for ...Bxf3.} 22. Nxf8 Rxf8 23. Qb5 (23. Bxa5 e4 24. Bxc7 Nxc7 $17) 23... e4 (23... Bxf3 $16 {was necessary.} 24. gxf3 Nb4) 24. Ng5 Be8 25. Qc5 (25. Qxa5 h6 $16) 25... Qd7 26. h4 (26. Bxa5 h6 $14) 26... Rg8 27. Nh3 c6 28. Nf4 ({Stronger than} 28. Qxa5 Bxb2 29. g3 Qg7 $14) 28... Bf6 29. g3 ({Less strong is} 29. Qxa5 Qg7 30. g3 Bd4 $16) 29... Rxg3+ $2 (29... Bxb2 30. Red1 (30. Qxa5 Be5 $18) 30... Bg7) 30. fxg3 {[%emt 0:00:10][%cal Rc5f8] White is clearly winning.} Qg7 {[%emt 0:00:29] Inhibits Qf8+.} 31. Kh2 Bd4 32. Ne6 {[%emt 0:00:31] Weighted Error Value: White=0.16 (very precise) /Black=0.39} 1-0

[Event "55th Biel Festival MTO 2022"]
[Site "Biel"]
[Date "2022.07.19"]
[Round "6.13"]
[White "Licznerski Lukasz"]
[Black "Shevchenko Kirill"]
[Result "1/2-1/2"]
[ECO "B83"]
[WhiteElo "2451"]
[BlackElo "2654"]
[Annotator "TA"]
[PlyCount "65"]
[EventDate "2022.07.13"]
[EventType "swiss"]
[EventCountry "SUI"]
[SourceTitle "playchess.com"]
[Source "ChessBase"]
[SourceQuality "1"]
[TimeControl "40/5400+30:1800+30"]

1. e4 c5 2. Nf3 Nc6 3. Nc3 d6 4. d4 cxd4 5. Nxd4 Nf6 6. Be2 e6 7. Be3 Be7 8. O-O O-O 9. f4 Bd7 10. Qe1 Nxd4 11. Bxd4 Bc6 12. Qg3 g6 13. Bf3 b5 {[%emt 0:02:09] B83: Sicilian Scheveningen: 6 Be2, lines without ...a6.} 14. a3 a5 $1 15. b4 axb4 {[%emt 0:31:39] Black is slightly better.} (15... d5 {looks sharper.} 16. exd5 Nxd5 17. Nxd5 Bxd5 18. c3 axb4 19. axb4 Rxa1 20. Rxa1 Bxb4 21. Rb1 Be7) 16. axb4 Rxa1 17. Rxa1 d5 {[%emt 0:00:01] [#]} 18. e5 $146 ({Predecessor:} 18. exd5 Nxd5 19. Bxd5 Bxd5 20. Qe3 Bxb4 21. Nxb5 Be7 22. Qe5 f6 23. Qe3 Qd7 24. Nc3 {½-½ (54) Khatanbaatar,B (2433)-Grigoryan,K (2411) Turin 2006}) 18... Ne4 19. Bxe4 dxe4 20. Qe3 Bxb4 21. Nxe4 Be7 {[%emt 0:05:21] [#] ...Qd5 is the strong threat. A strong pair of Bishops.} 22. Ra7 {[%emt 0:05:58] The position is equal.} b4 23. h3 h5 24. Kh2 Qd5 25. Rxe7 {[%emt 0:01:04] [#] Threatening mate with Nf6+.} Qxe4 26. Qxe4 Bxe4 $11 {[%emt 0:00:02][%mdl 4096] Endgame KRB-KRB} 27. Rc7 {[%emt 0:00:23] Against Rc8} Rb8 28. Ba7 b3 29. cxb3 (29. Bxb8 $2 {is the wrong capture.} b2 30. Rc8+ Kh7 $19) 29... Rxb3 30. Rc4 Bd5 31. Rc2 Rb4 32. Kg3 Kg7 33. Bc5 {[%emt 0:00:40] Weighted Error Value: White=0.04 (flawless) /Black=0.04 (flawless)} 1/2-1/2

[Event "55th Biel Festival MTO 2022"]
[Site "Biel"]
[Date "2022.07.19"]
[Round "6.14"]
[White "Katz, Alexander"]
[Black "Martirosyan Haik M."]
[Result "0-1"]
[ECO "B80"]
[WhiteElo "2402"]
[BlackElo "2672"]
[Annotator "TA"]
[PlyCount "66"]
[EventDate "2022.07.13"]
[EventType "swiss"]
[EventCountry "SUI"]
[SourceTitle "playchess.com"]
[Source "ChessBase"]
[SourceQuality "1"]
[TimeControl "40/5400+30:1800+30"]

1. e4 c5 2. Nf3 Nc6 3. d4 cxd4 4. Nxd4 e6 5. Nc3 Qc7 6. g3 a6 7. Bg2 d6 8. O-O Nf6 9. Nce2 Bd7 10. b3 Be7 11. c4 O-O 12. Bb2 {[%emt 0:00:47] B80: Sicilian Scheveningen: 6 g3 and 6 Be3, including English Attack.} Nxd4 $5 {[%emt 0:02:49][%mdl 4] Exploring less charted territory.} 13. Qxd4 ({White should play} 13. Nxd4 $14 Rfc8 14. Rc1) 13... e5 $11 14. Qd2 {[%emt 0:02:54] The position is equal.} b5 {[%emt 0:00:19] [#]} 15. Rac1 $146 ({Predecessor:} 15. Rfc1 Qb8 16. Nc3 bxc4 17. bxc4 Qb4 18. Rc2 Rfc8 19. Nd5 Nxd5 20. cxd5 Qxd2 21. Rxd2 {0-1 (54) Grbovic,V (2215)-Barlov,D (2410) Pula 1984}) 15... bxc4 16. Rxc4 Qb6 17. Rfc1 Ng4 18. Nc3 Be6 (18... Bg5 $11 19. Nd5 Bxd2 20. Nxb6 Bxc1 21. Rxc1 Rad8) 19. Na4 $1 $14 (19. Nd5 Bxd5 20. exd5 Bg5 $1 $15) 19... Qd8 20. Rc7 (20. R4c3 $1 $14) 20... Bg5 $1 $15 21. f4 Bh6 22. h3 Nf6 {[%emt 0:01:53] ...exf4 is the strong threat.} 23. R7c6 exf4 {[%emt 0:03:32] Hoping for ...f3.} 24. Rxd6 Qe7 25. e5 $2 (25. gxf4 $15 Nh5 26. Rf1 (26. Be5 f6 $17)) 25... f3 $19 26. Qd3 ({Much worse is} 26. exf6 Qa7+ 27. Bd4 (27. Qf2 $2 Be3 $19) 27... Bxd2 $19) 26... Ne8 {[%emt 0:07:20] Chess con chili.} ({Not} 26... fxg2 27. exf6 gxf6 28. Re1 $17) (26... Bxc1 $142 27. exf6 {[#]} gxf6 $1 28. Bxc1 fxg2 29. Kxg2 Rfd8) 27. Bxf3 Bxc1 ({Weaker is} 27... Nxd6 28. exd6 Qg5 29. Kg2 $15) 28. Bxc1 Bf5 29. Qxf5 Nxd6 30. Qg5 (30. exd6 $17 {was forced.} Qe1+ 31. Kg2 Qxc1 32. Bxa8 Rxa8 33. d7) 30... Qxg5 31. Bxg5 {[%emt 0:00:01] This bishop pair is nice.} Nf5 {[%emt 0:00:28] Threatens to win with ...Rac8.} 32. Bxa8 Rxa8 33. Bf4 Rc8 {[%emt 0:01:11] Weighted Error Value: White=0.50/Black=0.17 (very precise)} 0-1